 Dungeon Crawl Stone Soup version 0.28.0-47-ge53b351184 (webtiles) character file.

Game seed: 15830589658059494686

142 101zpm the Chiller (level 5, -1/36 HPs)
             Began as a Vampire Ice Elementalist on Apr 29, 2022.
             Slain by an adder zombie (2 damage)
             ... in an ossuary.
             The game lasted 00:09:05 (2174 turns).

101zpm the Chiller (Vampire Ice Elementalist)       Turns: 2174, Time: 00:09:06

Health: -1/36      AC:  3    Str:  7    XL:     5   Next: 4%
Magic:  5/9        EV: 12    Int: 20    God:
Gold:   66         SH:  0    Dex: 14    Spells: 3/10 levels left

rFire   . . .      SeeInvis +   e - +1 dagger (venom)
rCold   . . .      Faith    .   (no shield)
rNeg    . . .      Spirit   .   a - +0 robe
rPois   .          Reflect  .   (no helmet)
rElec   .          Harm     .   g - +0 cloak
rCorr   .          Rampage  .   (no gloves)
Will    .....                   (no boots)
Stlth   ++........              (no amulet)
HPRegen 0.32/turn               (no ring)
MPRegen 0.11/turn               (no ring)

@: attractive, healing quickly
A: alive, fangs 3, see invisible, vampiric 2
a: Exsanguinate


You were in an ossuary.
You visited 1 branch of the dungeon, and saw 5 of its levels.
You also visited: Ossuary.

You collected 66 gold pieces.

Inventory:

Hand Weapons
 e - a +1 dagger of venom (weapon)
Armour
 a - a +0 robe (worn)
 g - a +0 cloak (worn)
Scrolls
 h - a scroll of vulnerability {unknown}


   Skills:
 + Level 0.9 Fighting
 + Level 0.2 Short Blades
 + Level 2.4 Dodging
 + Level 3.3 Stealth
 + Level 0.1 Unarmed Combat
 + Level 3.1 Spellcasting
 + Level 5.3 Ice Magic


You had 3 spell levels left.
You knew the following spells:

 Your Spells              Type           Power      Damage    Failure   Level
a - Freeze                Ice            96%        1d11      1%          1
b - Frozen Ramparts       Ice            48%        1d6       4%          3
c - Ozocubu's Armour      Ice            24%        N/A       4%          3

Your spell library contained the following spells:

 Spells                   Type           Power      Damage    Failure   Level
 Confusing Touch          Hex            3%         N/A       38%         3
 Hailstorm                Conj/Ice       13%        3d5       43%         4
 Yara's Violent Unravell  Hex/Tmut       1%         3d3       98%         5
 Conjure Ball Lightning   Conj/Air       1%         3x3d6     100%        6
 Enfeeble                 Hex            1%         N/A       100%        7
 Discord                  Hex            1%         N/A       100%        8
 Disjunction              Tloc           1%         N/A       100%        8


Dungeon Overview and Level Annotations

Branches:
Dungeon (5/15)             Temple (0/1) D:4         Ossuary (1/1)

Altars:

Shops:
D:3 :   D:4 (


Innate Abilities, Weirdness & Mutations

Your natural rate of healing is accelerated.
You have razor-sharp teeth.
You have supernaturally acute eyesight. (SInv)
You are afflicted with vampirism and can become a bat while bloodless.


Message History

The centaur zombie resists.
The wall freezes the centaur zombie.
The centaur zombie barely misses you. The centaur zombie kicks you.
* * * LOW HITPOINT WARNING * * *
The jackal zombie completely resists.
The wall freezes the jackal zombie but does no damage.
The jackal zombie misses you.
You closely miss the jackal zombie.
The jackal zombie is almost destroyed.
The frozen ramparts melt away.
The centaur zombie hits you.
* * * LOW HITPOINT WARNING * * *
The centaur zombie kicks you but does no damage.
The jackal zombie bites you but does no damage.
Your icy armour will break if you move.
Continue?
Your icy armour cracks and falls away as you move.
The centaur zombie hits you.
* * * LOW HITPOINT WARNING * * *
The centaur zombie barely misses you. The centaur zombie misses you.
The centaur zombie kicks you but does no damage.
The kobold zombie barely misses you.
You hit the adder zombie.
The adder zombie is moderately damaged.
The centaur zombie closely misses you.
The centaur zombie kicks you but does no damage.
The jackal zombie bites you.
* * * LOW HITPOINT WARNING * * *
The adder zombie barely misses you.
You hit the kobold zombie.
The kobold zombie is lightly damaged.
The centaur zombie closely misses you. The centaur zombie kicks you.
* * * LOW HITPOINT WARNING * * *
The jackal zombie barely misses you. The adder zombie bites you.
* * * LOW HITPOINT WARNING * * *
The kobold zombie closely misses you. The centaur zombie misses you.
The centaur zombie kicks you but does no damage.
The jackal zombie barely misses you.
It was a potion of attraction.
You feel attractive to monsters. The adder zombie bites you.
You die...

###################
..................#
..........Z.......#
.Z###......#+#....#
.##∩##....## ##Z..#
.#.. #....# #Z..#
.#.# #....# #.ZZ#
##.# ##..## ##ZZ#
#..# #..# #@.# #.M#
#..# #ZZ#
#..####..# #..#
#.....# #..#
#'##..# #..#
#?.#..#..# #..#
##?#.##..## ##..#
.###.#....# #...#
.#...#....# #...#


You could see an adder zombie, a quokka zombie, a jackal zombie, 2 hobgoblin
zombies, a kobold zombie and 2 centaur zombies.

Vanquished Creatures
  A hound (D:3)
  An orc wizard (D:4)
  A hound zombie (Ossuary)
  3 adders
  2 adder zombies (Ossuary)
  A worm (D:3)
  A dart slug (D:3)
  3 orcs (D:3)
  2 endoplasms
  A giant cockroach (D:3)
  A goblin (D:2)
  3 hobgoblins
  2 quokkas
  4 ball pythons (D:3)
  A gnoll zombie (Ossuary)
  A goblin zombie (Ossuary)
  4 hobgoblin zombies (Ossuary)
  A jackal zombie (Ossuary)
  5 kobolds
  2 quokka zombies (Ossuary)
  2 rat zombies (Ossuary)
42 creatures vanquished.

Notes
Turn   | Place    | Note
-------+----------+-------------------------------------------
     0 | D:1      | 101zpm the Vampire Ice Elementalist began the quest for the
                  | Orb.
     0 | D:1      | Reached XP level 1. HP: 13/13 MP: 3/3
   386 | D:2      | Reached XP level 2. HP: 8/19 MP: 0/5
   783 | D:3      | Gained mutation: You are afflicted with vampirism and can
                  | become a bat while bloodless. [Vampire growth]
   783 | D:3      | Reached XP level 3. HP: 24/24 MP: 2/6
  1035 | D:3      | Reached skill level 5 in Ice Magic
  1157 | D:3      | Found Irucsed's Book Shop.
  1371 | D:3      | Reached XP level 4. HP: 30/30 MP: 3/8
  1447 | D:4      | Found Egaomedd's Weapon Shoppe.
  1473 | D:4      | Noticed a scorpion
  1481 | D:5      | Entered Level 5 of the Dungeon
  1568 | D:5      | Noticed a scorpion
  1568 | D:5      | Noticed an ice beast
  1584 | D:4      | Found a staircase to the Ecumenical Temple.
  1623 | D:4      | Noticed a necrophage
  1645 | D:4      | Found a sand-covered staircase.
  1652 | Ossuary  | Entered an ossuary
  1696 | Ossuary  | Learned a level 3 spell: Frozen Ramparts
  1700 | Ossuary  | Learned a level 3 spell: Ozocubu's Armour
  1830 | Ossuary  | Reached XP level 5. HP: 32/36 MP: 9/9
  2173 | Ossuary  | HP: 1/36 [adder zombie (1)]
  2174 | Ossuary  | Slain by an adder zombie

Illustrated notes

Levels and vault maps discovered:
D:1:      minmay_arrival_glassed_features, layout_loops_corners,
          ebering_ecumenical_altar_rust
D:2:      layout_loops_cross, basic_altar, guppyfry_early_lair_pool
D:3:      layout_loops_ring, serial_shops, nicolae_shop_crystal,
          dk_noncrumbling_3
D:4:      layout_basic, minmay_temple_entry_mist, enter_ossuary_4, serial_shops,
          nicolae_shop_statue_plus
D:5:      layout_basic, chequers_serial_rivers_small_3
Ossuary:  minmay_ossuary_two_tombs

Skill      XL: |  1  2  3  4 |
---------------+-------------+-----
Ice Magic      | 5 |  5.3
Spellcasting   | 3 |  3.1
Fighting       | |  0.9
Short Blades   | |  0.2
Dodging        | |  2.4
Stealth        | |  3.3
Unarmed Combat | |  0.1

Action                   |  1- 3 |  4- 6 || total
-------------------------+-------+-------++-------
Melee: Unarmed           |     4 |       ||     4
       Bite              |     1 |    15 ||    16
       Dagger            |     6 |   106 ||   112
 Cast: Freeze            |    37 |     9 ||    46
       Ozocubu's Armour  |       |     2 ||     2
       Frozen Ramparts   |       |     2 ||     2
  Use: Scroll            |       |     3 ||     3
       Potion            |       |     1 ||     1
 Stab: Sleeping          |       |     1 ||     1
Armor: Robe              |     6 |    65 ||    71
Dodge: Dodged            |    19 |    92 ||   111
